 Dungeon Crawl Stone Soup version 0.20.1-1-g8b1a95d66d (webtiles) character file.

23563 NullDivider the Covert (level 13, 0/90 HPs)
             Began as an Octopode Artificer on Dec 6, 2017.
             Was an Elder of Nemelex Xobeh.
             Slain by a sun demon (11 damage)
             ... in a volcano on Dec 7, 2017.
             The game lasted 02:05:14 (18321 turns).

NullDivider the Covert (Octopode Artificer)        Turns: 18321, Time: 02:05:17

Health: 0/90       AC:  5    Str: 12    XL:     13   Next: 7%
Magic:  15/29      EV: 38    Int: 19    God:    Nemelex Xobeh [****..]
Gold:   1086       SH:  0    Dex: 30    Spells: 12/12 levels left

rFire    . . .     SeeInvis .   a - +0 short sword
rCold    + . .     Gourm    .   (no shield)
rNeg     . . .     Faith    .   (helmet restricted)
rPois    .         Spirit   .   (no amulet)
rElec    .         Reflect  .   g - +4 ring of dexterity
rCorr    .         Harm     .   i - ring of magical power
MR       .....                  w - +4 ring of dexterity
Stlth    +++++++++.             j - ring of protection from cold
Regen    0.3/turn               M - ring of Phasing {EV+8}
MPRegen  0.3/turn               N - +6 ring of intelligence
                                (no ring)
                                (no ring)

@: agile
A: almost no armour, stealthy swim, amphibious, 8 rings, constrict 8, tentacle
spike 1, thin metallic scales 1, yellow scales 1, camouflage 1, blurry vision 1,
gelatinous body 1, MP-powered wands
a: Triple Draw, Deal Four, Renounce Religion


You were in a volcano.
You worshipped Nemelex Xobeh.
Nemelex Xobeh was greatly pleased with you.
You were very hungry.

You visited 3 branches of the dungeon, and saw 16 of its levels.
You also visited: Volcano.

You collected 1086 gold pieces.

Inventory:

Hand Weapons
 a - a +0 short sword (weapon)
Jewellery
 g - a +4 ring of dexterity (left tentacle)
 i - a ring of magical power (right tentacle)
 j - a ring of protection from cold (on tentacle)
 w - a +4 ring of dexterity (on tentacle)
 M - the ring of Phasing (on tentacle) {EV+8}
   (You found it on level 7 of the Dungeon)

   [ring of evasion]

   It affects your evasion (+8).
 N - a +6 ring of intelligence (on tentacle)
Wands
 c - a wand of enslavement (0/24)
 l - a wand of paralysis (11/24)
 m - a wand of flame (27/48)
 p - a wand of lightning (6/15)
 F - a wand of digging (11/24)
 Q - a wand of acid (8/15)
 R - a wand of disintegration (8/24)
 W - a wand of iceblast (0/15)
Scrolls
 e - 4 scrolls of recharging
 n - 8 scrolls of remove curse
 s - 2 scrolls of magic mapping
 t - 8 scrolls of teleportation
 y - a scroll of brand weapon {unknown}
 C - a scroll of random uselessness {unknown}
 J - a scroll of blinking {unknown}
 K - a scroll of enchant armour {unknown}
 S - 2 scrolls of amnesia {unknown}
Potions
 b - a potion of agility
 h - a potion of resistance {unknown}
 k - a potion of flight
 o - 3 potions of might
 u - a potion of cancellation {unknown}
 x - 2 potions of berserk rage
 z - 2 potions of haste
 D - 7 potions of curing
 H - a potion of lignification {unknown}
 I - 2 potions of ambrosia {unknown}
 T - 2 potions of invisibility
Miscellaneous
 d - a plain deck of escape
 f - an ornate deck of escape
 v - a plain deck of destruction
 G - a plain deck of destruction
 O - a legendary deck of destruction
 X - a plain deck of destruction
Comestibles
 r - 14 fruits


   Skills:
 + Level 9.3 Fighting
 + Level 9.2 Short Blades
 + Level 10.4 Dodging
 + Level 14.4 Stealth
 * Level 4.4 Invocations
 - Level 10.0 Evocations


You had 12 spell levels left.
You didn't know any spells.

Dungeon Overview and Level Annotations

Branches:
Dungeon (10/15)            Temple (1/1) D:4            Lair (5/6) D:10
  Swamp (0/4) Lair:3        Snake (0/4) Lair:2          Orc (0/2) D:10
  Slime: Lair:5-6

Altars:
Ashenzari
Cheibriados
Dithmenos
Elyvilon
Fedhas
Gozag
Hepliaklqana
Kikubaaqudgha
Makhleb
Nemelex Xobeh
Okawaru
Qazlal
Ru
Sif Muna
Trog
Uskayaw
Vehumet
Xom
Yredelemnul
Zin
The Shining One

Annotations:
D:8 dengdeng's ghost, novice MiBe


Innate Abilities, Weirdness & Mutations

You cannot wear most types of armour.
You are very stealthy in the water. (Stealth+)
You are amphibious.
You can wear up to eight rings at the same time.
You can use your tentacles to constrict eight enemies at once.
Your skin changes colour to match your surroundings (Stealth+).
Your rubbery body absorbs attacks. (AC +1, EV +1)
One of your tentacles bears a spike.
You are partially covered in thin metallic scales. (AC +2)
You are partially covered in yellow scales. (AC +2)
Scrolls take you a little longer to read.
You expend magic power (3 MP) to strengthen your wands.


Message History

Aim: a red devil, wielding a trident (lightly wounded, constricted by you, summoned, chance to defeat MR: 46%)
The red devil resists with some effort.
This wand has 1 charge left.
You constrict the red devil. The sun demon completely misses you.
You lose your grip on the red devil.
The red devil hops backward while attacking.
The red devil completely misses you. The sun demon completely misses you.
The red devil hops backward while attacking.
The red devil closely misses you.
Evoke which item? (* to show all) (? for menu, Esc to quit)
Aiming: Enslavement
Press: ? - help, Shift-Dir - straight line, f/p - red devil
Aim: a red devil, wielding a trident (lightly wounded, summoned, chance to defeat MR: 46%)
The red devil resists with some effort.
This wand has 0 charges left.
The red devil hops backward while attacking.
The red devil hits you from afar with a trident.
The sun demon hits you!!
* * * LOW HITPOINT WARNING * * *
You are engulfed in flames!
You die...
Your body glows slightly and disappears.

§≈§≈≈≈≈.# ######## §§§§§§..#
+.....' §≈≈≈§§§§# .8_8. ≈≈≈≈≈§≈§#
.p. ≈≈≈≈≈§§.###++###†#
≈≈≈≈≈≈..#......#h# .§≈ ≈
§≈≈≈≈≈≈.######.#u# #.§§§≈≈≈≈
≈≈≈§≈≈..# #3# #§≈≈≈§§≈≈ §§≈§§≈§.#
#@# #.≈§§§§≈≈ §≈≈§§≈≈.# #.#
#.§≈§≈≈≈≈ §≈§§§≈≈.# #4# #.≈≈≈§≈≈≈
≈≈≈≈≈§≈§########'########§§§≈§§≈S
≈≈≈≈§§§≈.§...§.§........§§§≈§≈≈≈≈
§§≈≈§≈≈§≈≈§§≈§≈§§≈≈≈≈§§§§§§§≈§≈≈≈
≈§≈§§§§≈§§≈≈§≈≈§§§≈§≈≈≈§§§§.§≈≈≈≈
§≈≈§≈≈≈≈≈≈§≈≈≈≈≈≈§≈§§§§≈§§≈≈§§§≈≈
§≈§§≈§≈§§≈≈≈≈≈≈≈≈≈≈§§§≈§≈≈§§≈§..≈


You could see a red ugly thing, a hell knight, a sun demon, a red devil and a
hell hound.

Vanquished Creatures
  A stone giant (D:10)
  Snorg (D:10)
  Harold (D:10)
  2 hydras (Lair:4)
  2 two-headed ogres (D:8)
  Pikel (D:7)
  2 black mambas
  5 spiny frogs
  A centaur skeleton (D:10)
  4 komodo dragons
  23 yaks
  A troll (D:9)
  A queen bee (Lair:3)
  A polar bear (Lair:4)
  The ghost of NullDivider the Sneak, an amateur OpAr (D:4)
  A hippogriff (D:8)
  Sigmund (D:2)
  A human (D:8)
  A shadow (D:9)
  Eustachio (D:6)
  A basilisk (Lair:4)
  A hog (D:8)
  3 fire bats (Lair:5)
  A hungry ghost (D:7)
  2 nagas (Lair:2)
  5 swamp worms (Lair:3)
  13 water moccasins
  A hell hound (Volcano)
  6 porcupines
  2 ice beasts
  A black bear (D:7)
  A necrophage (D:7)
  A sky beast (D:10)
  6 orc warriors
  An eye of draining (D:8)
  The ghost of AtomowyNakurwiacz the Skirmisher, an amateur DsAK of Lugonu (D:3)
  3 ogres
  4 centaurs
  3 crocodiles
  Blork the orc (D:8)
  11 bullfrogs
  2 big kobolds
  34 killer bees
  3 electric eels
  2 howler monkeys
  A bullfrog zombie (D:7)
  A lava snake (Volcano)
  4 crimson imps
  A centaur zombie (D:6)
  3 jellies
  10 orc priests
  Crazy Yiuf (D:6)
  3 hounds
  8 orc wizards
  An iron imp (D:8)
  A gnoll shaman (D:5)
  2 iguanas
  5 worker ants
  3 killer bee zombies
  A hound zombie (D:5)
  A hound skeleton (D:4)
  A howler monkey zombie (D:10)
  8 adders
  10 gnolls
  A shadow imp (D:9)
  An ooze (D:2)
  2 worms (D:9)
  4 dart slugs
  8 leopard geckos
  40 orcs
  5 giant cockroaches
  13 hobgoblins
  6 jackals
  35 kobolds
  4 quokkas
  4 ball pythons
  6 bats
  3 frilled lizards
  10 goblins
  11 rats
379 creatures vanquished.

Vanquished Creatures (collateral kills)
  A hog (D:8)
  A centaur (D:9)
  A big kobold (D:7)
  A hound (D:9)
  A gnoll (D:5)
  3 orcs
  2 kobolds (D:7)
10 creatures vanquished.

Vanquished Creatures (others)
  A hog (D:8)
  A yak (Lair:2)
  A slave (D:7)
  An orc priest (D:4)
  A gnoll (D:2)
  An adder (D:3)
  An orc (D:4)
  A fungus (Lair:4)
8 creatures vanquished.

Grand Total: 397 creatures vanquished

Notes
Turn   | Place    | Note
-------+----------+-------------------------------------------
     0 | D:1      | NullDivider the Octopode Artificer began the quest for the Orb.
     0 | D:1      | Reached XP level 1. HP: 13/13 MP: 3/3
    42 | D:1      | Reached skill level 2 in Stealth
   314 | D:1      | Reached XP level 2. HP: 18/18 MP: 4/4
  1041 | D:1      | Reached XP level 3. HP: 23/23 MP: 5/5
  1359 | D:2      | Reached skill level 3 in Stealth
  1563 | D:2      | Reached XP level 4. HP: 21/29 MP: 6/6
  1700 | D:2      | Noticed Sigmund
  1741 | D:2      | Killed Sigmund
  1741 | D:2      | Reached skill level 4 in Stealth
  1741 | D:2      | Reached XP level 5. HP: 31/35 MP: 6/8
  1757 | D:2      | Reached XP level 6. HP: 38/41 MP: 7/9
  1958 | D:2      | Found a glowing golden altar of the Shining One.
  2566 | D:3      | Reached skill level 5 in Stealth
  2652 | D:3      | Noticed AtomowyNakurwiacz's ghost (amateur DsAK)
  2671 | D:3      | Killed AtomowyNakurwiacz's ghost
  2932 | D:3      | Reached XP level 7. HP: 45/45 MP: 10/10
  3775 | D:3      | Reached skill level 6 in Stealth
  4421 | D:4      | Noticed NullDivider's ghost (amateur OpAr)
  4436 | D:4      | Killed NullDivider's ghost
  4436 | D:4      | Reached skill level 5 in Evocations
  4464 | D:4      | Reached skill level 7 in Stealth
  4479 | D:4      | Reached XP level 8. HP: 19/53 MP: 11/11
  5140 | D:4      | Found a staircase to the Ecumenical Temple.
  5256 | Temple   | Entered the Ecumenical Temple
  5504 | D:5      | Entered Level 5 of the Dungeon
  5520 | D:5      | Reached skill level 8 in Stealth
  5542 | D:4      | Gained mutation: Potions are less effective at restoring your health. [potion of mutation]
  5542 | D:4      | Gained mutation: Your body sometimes deteriorates upon taking damage. [potion of mutation]
  5542 | D:4      | Gained mutation: You are partially covered in thin metallic scales. (AC +2) [potion of mutation]
  5542 | D:4      | Gained mutation: Your mind is acute. (Int +2) [potion of mutation]
  6335 | D:5      | Lost mutation: Potions are less effective at restoring your health. [potion of mutation]
  6335 | D:5      | Lost mutation: Your body sometimes deteriorates upon taking damage. [potion of mutation]
  6335 | D:5      | Lost mutation: Your mind is acute. (Int +2) [potion of mutation]
  6335 | D:5      | Gained mutation: You expend magic power (3 MP) to strengthen your wands. [potion of mutation]
  6335 | D:5      | Gained mutation: Your natural rate of healing is unusually fast. [potion of mutation]
  6973 | D:6      | Noticed Eustachio
  6979 | D:6      | Killed Eustachio
  6979 | D:6      | Reached skill level 9 in Stealth
  7359 | D:6      | Found a runed door.
  7363 | D:6      | Noticed Crazy Yiuf
  7364 | D:6      | Killed Crazy Yiuf
  7461 | D:6      | Reached XP level 9. HP: 59/59 MP: 13/13
  7609 | D:7      | Reached skill level 10 in Stealth
  7623 | D:6      | HP: 1/60 [killer bee (8)]
  7641 | D:6      | HP: 3/60 [poisoned by a killer bee]
  7766 | D:7      | Reached skill level 5 in Fighting
  7775 | D:7      | Reached skill level 5 in Dodging
  8304 | D:7      | Noticed Pikel
  8309 | D:7      | Killed Pikel
  8309 | D:7      | Reached skill level 5 in Short Blades
  8309 | D:7      | Reached skill level 11 in Stealth
  8411 | D:7      | Found a hazy altar of Hepliaklqana.
  8598 | D:7      | Reached XP level 10. HP: 62/68 MP: 15/15
  8845 | D:8      | Noticed dengdeng's ghost (novice MiBe)
  8877 | D:8      | Noticed Blork the orc
  8883 | D:8      | Found a deep blue altar of Sif Muna.
  8890 | D:8      | Killed Blork the orc
  9036 | D:8      | Noticed a two-headed ogre
  9045 | D:8      | Killed a two-headed ogre
  9137 | D:8      | Noticed a two-headed ogre
  9144 | D:8      | Killed a two-headed ogre
  9144 | D:8      | Reached skill level 12 in Stealth
  9147 | D:8      | Found a basalt altar of Yredelemnul.
  9815 | D:8      | Found an iron altar of Okawaru.
  9958 | D:8      | Found a snail-covered altar of Cheibriados.
 10628 | D:9      | Found a sparkling altar of Nemelex Xobeh.
 10636 | D:9      | Became a worshipper of Nemelex Xobeh the Trickster
 10637 | D:9      | Received a gift from Nemelex Xobeh
 10903 | D:9      | Reached XP level 11. HP: 75/75 MP: 17/17
 10956 | D:9      | Noticed a moth of wrath
 10959 | D:9      | Found a bloodstained altar of Trog.
 11200 | D:10     | Entered Level 10 of the Dungeon
 11200 | D:10     | Noticed Harold
 11205 | D:10     | Killed Harold
 11231 | D:10     | Noticed Snorg
 11240 | D:10     | Killed Snorg
 11271 | D:10     | Found a staircase to the Lair.
 11359 | D:10     | Lost mutation: Your natural rate of healing is unusually fast. [mutagenic meat]
 11360 | D:10     | Gained mutation: Scrolls take you a little longer to read. [mutagenic meat]
 11361 | D:10     | Gained mutation: You are partially covered in yellow scales. (AC +2) [mutagenic meat]
 11362 | D:10     | Gained mutation: One of your tentacles bears a spike. [mutagenic meat]
 11483 | D:10     | Identified the Reference Book on Dislocation
 11523 | D:10     | Found a staircase to the Orcish Mines.
 11710 | D:10     | Reached * piety under Nemelex Xobeh
 11781 | D:10     | Noticed a stone giant
 11783 | D:10     | Killed a stone giant
 11783 | D:10     | Reached skill level 13 in Stealth
 12182 | D:10     | Received a gift from Nemelex Xobeh
 12392 | Lair:1   | Entered Level 1 of the Lair of Beasts
 12553 | Lair:1   | Received a gift from Nemelex Xobeh
 13249 | Lair:1   | Reached ** piety under Nemelex Xobeh
 13688 | Lair:2   | Found a staircase to the Snake Pit.
 13691 | Lair:2   | Reached XP level 12. HP: 84/84 MP: 18/18
 14490 | Lair:2   | Reached *** piety under Nemelex Xobeh
 14490 | Lair:2   | Received a gift from Nemelex Xobeh
 14850 | Lair:3   | Received a gift from Nemelex Xobeh
 15183 | Lair:3   | Found a staircase to the Swamp.
 15768 | Lair:3   | Received a gift from Nemelex Xobeh
 15899 | Lair:3   | Reached skill level 14 in Stealth
 16078 | Lair:4   | Reached skill level 1 in Invocations
 16108 | Lair:4   | Noticed an eight-headed hydra
 16112 | Lair:4   | Killed an eight-headed hydra
 16112 | Lair:4   | Reached skill level 10 in Evocations
 16361 | Lair:4   | Reached skill level 10 in Dodging
 16547 | Lair:4   | Reached **** piety under Nemelex Xobeh
 17017 | Lair:4   | Noticed a five-headed hydra
 17022 | Lair:4   | Killed a five-headed hydra
 17213 | Lair:4   | Reached XP level 13. HP: 90/90 MP: 20/20
 17975 | Lair:5   | Received a gift from Nemelex Xobeh
 18032 | Lair:5   | Found a dark tunnel.
 18050 | Volcano  | Entered a volcano
 18300 | Volcano  | Found a bloodstained altar of Trog.
 18321 | Volcano  | Slain by a sun demon

Skill      XL: |  1  2  3  4  5  6  7  8  9 10 11 12 13 |
---------------+----------------------------------------+-----
Stealth        | 2 3 4 5 7 9 11 12 13 14 | 14.4
Fighting       | 2 3 4 6 7 8 9 |  9.3
Short Blades   | 2 3 4 5 6 8 9 |  9.2
Evocations     | 4 5 6 8 9 10 | 10.0
Dodging        | 3 4 5 7 8 10 | 10.4
Invocations    | 3 4 |  4.4

Action                   |  1- 3 |  4- 6 |  7- 9 | 10-12 | 13-15 || total
-------------------------+-------+-------+-------+-------+-------++-------
Melee: Short sword       |    59 |    48 |   316 |   872 |    39 ||  1334
       Constrict         |    12 |    15 |    63 |   104 |     8 ||   202
       Tentacles         |    10 |     8 |    94 |   280 |    20 ||   412
       Kick              |       |       |       |   310 |    28 ||   338
Invok: Deal Four         |       |       |       |       |     1 ||     1
Evoke: Wand              |     1 |    10 |    28 |    23 |     3 ||    65
  Use: Scroll            |       |       |     4 |    11 |     4 ||    19
       Potion            |       |       |     6 |       |     2 ||     8
 Stab: Sleeping          |     2 |     5 |    13 |    54 |     1 ||    75
       Distracted        |       |     1 |     1 |     4 |       ||     6
       Confused          |       |       |     3 |     1 |       ||     4
       Betrayed ally     |       |       |     2 |       |       ||     2
       Paralysed         |       |       |       |     1 |       ||     1
  Eat: Chunk             |     2 |     4 |    18 |    32 |       ||    56
       Fruit             |       |       |       |       |     2 ||     2
Armor: Skin              |     4 |     3 |    20 |    21 |     1 ||    49
Dodge: Dodged            |    32 |    25 |   249 |   615 |    38 ||   959
